 Dungeon Crawl Stone Soup version 0.28.0-1-gb440e238dd (webtiles) character file.

Game seed: 1398615055297663506

98 Snicker the Sneak (level 4, 0/35 HPs)
             Began as a Demonspawn Delver on Feb 20, 2022.
             Slain by a scorpion (7 damage)
             ... on level 5 of the Dungeon.
             The game lasted 00:03:35 (1574 turns).

Snicker the Sneak (Demonspawn Delver)               Turns: 1574, Time: 00:03:35

Health: 0/35       AC:  9    Str: 13    XL:     4   Next: 44%
Magic:  4/4        EV: 11    Int: 11    God:
Gold:   10         SH:  3    Dex: 16    Spells: 3/3 levels left

rFire   . . .      SeeInvis .   a - +0 short sword
rCold   . . .      Faith    .   h - +0 buckler
rNeg    . . .      Spirit   .   b - +0 leather armour
rPois   .          Reflect  .   (no helmet)
rElec   .          Harm     .   (no cloak)
rCorr   .          Rampage  .   (no gloves)
Will    .....                   (no boots)
Stlth   +++.......              (no amulet)
HPRegen 0.11/turn               (no ring)
MPRegen 0.09/turn               (no ring)

@: sanguine armoured
A: ignite blood 1, sanguine armour 1
a: no special abilities


You were on level 5 of the Dungeon.
You visited 2 branches of the dungeon, and saw 4 of its levels.

You collected 10 gold pieces.

Inventory:

Hand Weapons
 a - a +0 short sword (weapon)
Armour
 b - a +0 leather armour (worn)
 h - a +0 buckler (worn)
Jewellery
 e - the ring of Surprise {AC+4 Dex+2 Stlth+}
   (You acquired it on level 6 of the Dungeon)

   [ring of protection]

   AC:        It affects your AC (+4).
   Dex:       It affects your dexterity (+2).
   Stlth:     It makes you more stealthy.
Wands
 g - a wand of digging (2)
Scrolls
 c - a scroll of fog
 d - 2 scrolls of magic mapping


   Skills:
 + Level 3.3 Fighting
 * Level 2.3 Short Blades
 + Level 0.5 Armour
 + Level 1.9 Dodging
 * Level 5.7 Stealth


You had 3 spell levels left.
You didn't know any spells.
Your spell library was empty.

Dungeon Overview and Level Annotations

Branches:
Dungeon (7/15)             Temple (1/1) D:5

Altars:
Ashenzari
Cheibriados
Dithmenos
Elyvilon
Fedhas
Gozag
Hepliaklqana
Kikubaaqudgha
Makhleb
Nemelex Xobeh
Okawaru
Ru
Wu Jian
Xom
Zin
The Shining One


Innate Abilities, Weirdness & Mutations

Your demonic aura sometimes causes spilled blood to erupt in flames.
When seriously injured, your blood forms armour. (AC +6)


Message History

You are confused.
The orc hits you but does no damage. The scorpion stings you.
* * * LOW HITPOINT WARNING * * *
The scorpion barely misses you.
You feel less confused. The orc barely misses you. The scorpion stings you.
* * * LOW HITPOINT WARNING * * *
You aren't carrying any potions.
Okay, then.
Unknown command.
The orc barely misses you. Something hits you.
* * * LOW HITPOINT WARNING * * *
Something hits you.
* * * LOW HITPOINT WARNING * * *
Unknown command.
You hear some strange, mumbled words.
You are confused.
You aren't carrying any potions.
Unknown command.
Unknown command.
Unknown command.
You're too confused to move!
You hear some strange, mumbled words.
A puff of flame appears from out of thin air!
The puff of flame misses you.
You bump into the rock wall.
You're too confused to move!
The orc closely misses you. Something hits you.
* * * LOW HITPOINT WARNING * * *
You feel less confused.
Unknown command.
Unknown command.
Unknown command.
An orc wizard appears from thin air!
Reactivating autopickup.
The orc wizard mumbles some strange words.
The orc wizard flickers and vanishes!
Deactivating autopickup; reactivate with Ctrl-A.
The scorpion stings you!
You die...

...........## ...........#
..........## ......<#.##
######.## ##.# ###.##
######.#.# #......@##
#......s# ##.....## ##....#
### #....# ###.### ##...#
#.....# ##...# #.....####
#######..o#### #....##...
#.##.........######.......##


You could see a scorpion and an orc.

Vanquished Creatures
  A howler monkey (D:6)
  A hound (D:5)
  A hound zombie (D:5)
  An adder (D:6)
  3 orcs (D:5)
7 creatures vanquished.

Notes
Turn   | Place    | Note
-------+----------+-------------------------------------------
     0 | D:5      | Snicker the Demonspawn Delver began the quest for the Orb.
     0 | D:5      | Reached XP level 1. HP: 18/18 MP: 1/1
    22 | D:6      | Noticed an orc wizard
    25 | D:6      | Noticed an ice beast
   394 | D:6      | Noticed a howler monkey
   401 | D:6      | Killed a howler monkey
   402 | D:6      | Reached skill level 5 in Stealth
   402 | D:6      | Gained mutation: Your demonic aura sometimes causes spilled
                  | blood to erupt in flames. [demonic ancestry]
   402 | D:6      | Reached XP level 2. HP: 22/24 MP: 2/2
   402 | D:6      | Gained mutation: When seriously injured, your blood forms
                  | armour. (AC +6) [demonic ancestry]
   402 | D:6      | Reached XP level 3. HP: 27/29 MP: 3/3
   422 | D:7      | Noticed a water moccasin
   822 | D:5      | Reached XP level 4. HP: 33/35 MP: 4/4
   841 | D:5      | Found a staircase to the Ecumenical Temple.
  1008 | Temple   | Entered the Ecumenical Temple
  1303 | D:5      | Noticed a centaur
  1345 | D:5      | Noticed a scorpion
  1352 | D:6      | Noticed an ogre
  1458 | D:6      | Identified a scroll of acquirement
  1458 | D:6      | Acquired the ring of Surprise {AC+4 Dex+2 Stlth+}
  1574 | D:5      | Slain by a scorpion

Illustrated notes

Levels and vault maps discovered:
D:5:      layout_cave_pods, minmay_temple_entry_arrows
D:6:      layout_rooms, lightli_temple_of_fire, serial_shops,
          nicolae_shop_statue_plus
D:7:      layout_loops_cross, uniq_prince_ribbit1
Temple:   mainiacjoe_temple_big_plus

Skill      XL: |  1 |
---------------+----+-----
Short Blades   | 2 |  2.3
Stealth        | 5 |  5.7
Fighting       | |  3.3
Armour         | |  0.5
Dodging        | |  1.9

Action                   |  1- 3 |  4- 6 || total
-------------------------+-------+-------++-------
Melee: Short sword       |    26 |     9 ||    35
Evoke: Wand              |       |     1 ||     1
  Use: Scroll            |       |     3 ||     3
       Potion            |       |     1 ||     1
 Stab: Sleeping          |     2 |     2 ||     4
Armor: Leather armour    |     6 |     4 ||    10
Dodge: Dodged            |    11 |    12 ||    23
Block: Buckler           |     3 |     2 ||     5
